 Dungeon Crawl Stone Soup version 0.29.1-1-gd02db6906a (webtiles) character file.

Game seed: 10839047703604369202

32 xian the Firebug (level 3, 0/26 HPs)
             Began as a Draconian Fire Elementalist on Oct 16, 2022.
             Killed from afar by a white imp (11 damage)
             ... with a puff of frost
             ... summoned by Natasha
             ... on level 2 of the Dungeon.
             The game lasted 00:02:51 (1567 turns).

xian the Firebug (Draconian Fire Elementalist)      Turns: 1567, Time: 00:02:52

Health: 0/26       AC:  5    Str: 10    XL:     3   Next: 10%
Magic:  4/6        EV: 10    Int: 17    God:
Gold:   61         SH:  6    Dex: 11    Spells: 5/6 levels left

rFire   . . .      SeeInvis .   g - +0 dagger (flame)
rCold   . . .      Faith    .   d - +0 kite shield
rNeg    . . .      Spirit   .   (body armour unavailable)
rPois   .          Reflect  .   (helmet restricted)
rElec   .          Harm     .   (no cloak)
rCorr   .          Rampage  .   (no gloves)
Will    .....                   (no boots)
Stlth   ++........              (no amulet)
HPRegen 0.08/turn               (no ring)
MPRegen 0.10/turn               (no ring)

@: slowed, very slow
A: AC +5, unfitting armour, cold-blooded
a: no special abilities


You were on level 2 of the Dungeon.
You visited 1 branch of the dungeon, and saw 2 of its levels.

You collected 61 gold pieces.

Inventory:

Hand Weapons
 g - a +0 dagger of flaming (weapon)
Armour
 d - a +0 kite shield (worn)
Scrolls
 c - a scroll of enchant armour {unknown}
 e - a scroll of teleportation {unknown}
 f - a scroll of vulnerability {unknown}
 h - 2 scrolls of identify {unknown}
Potions
 a - a potion of magic
 b - a potion of curing {unknown}


   Skills:
 + Level 0.1 Short Blades
 - Level 1.8 Dodging
 + Level 2.0 Stealth
 * Level 0.3 Shields
 + Level 0.3 Unarmed Combat
 + Level 2.3 Spellcasting
 + Level 1.3 Conjurations
 + Level 3.5 Fire Magic


You had 5 spell levels left.
You knew the following spells:

 Your Spells              Type           Power      Damage    Failure   Level
a - Foxfire               Conj/Fire      40%        2x1d6     24%         1

Your spell library contained the following spells:

 Spells                   Type           Power      Damage    Failure   Level
 Scorch                   Fire           28%        2d6       24%         2
 Conjure Flame            Conj/Fire      10%        6-21      58%         3
 Inner Flame              Hex/Fire       8%         N/A       67%         3
 Ensorcelled Hibernation  Hex/Ice        4%         N/A       69%         2
 Passwall                 Tmut/Erth      1%         N/A       69%         2
 Swiftness                Air            2%         N/A       89%         3
 Flame Wave               Conj/Fire      10%        2d6       94%         4


Dungeon Overview and Level Annotations

Branches:
Dungeon (2/15)

Altars:

Annotations:
D:2 Natasha


Innate Abilities, Weirdness & Mutations

Your plain brown scales are hard. (AC +5)
You cannot fit into any form of body armour.
You are cold-blooded and may be slowed by cold attacks.


Message History

The foxfire hits the quokka.
You kill the quokka!
Natasha, Servant of Life and Death comes into view.
Natasha hisses angrily.
Things that are here:
a +0 dagger; a ball python corpse; a goblin corpse Natasha mumbles some strange words.
You feel troubled.
Natasha is nearby!
Natasha is nearby!
Natasha casts a spell at you. You resist with significant effort.
You see here a quokka corpse.
Your magical contamination has completely faded away.
Found a club.
Natasha casts a spell at you. You resist with significant effort.
Natasha is nearby!
Natasha stares at you and mumbles some strange words.
The magic dart hits you.
You hit Natasha. You burn Natasha.
Your tail-slap misses Natasha.
Natasha is lightly wounded.
Natasha stares at you and mumbles some strange words.
You feel yourself slow down.
Natasha growls.
You block Natasha's attack.
You barely miss Natasha.
Natasha is lightly wounded.
Natasha mumbles some strange words.
You hit Natasha. You burn Natasha.
You tail-slap Natasha, but do no damage.
Natasha is moderately wounded.
Natasha claws you. The white imp hits you. The white imp freezes you.
Natasha misses you.
Unknown command.
You hit Natasha but do no damage.
Your tail-slap misses Natasha.
Natasha is moderately wounded.
The white imp gestures at you. The puff of frost hits you!
You die...

##. # #.. .. # #.# ..#
#.###.# ..# #.....#
#.# #####.### #.#
##......# #.#
#..####.##..#####.####
..#####.##.....5@..).#
####....##.######h##.#
# #.#### ... #.# # #.#
#.##.# ### # #.#
#...†# .... #
#.###########..##..# #
#..................# #
############..)....# #
#..........


You could see Natasha and a white imp (summoned).

Vanquished Creatures
  A dart slug (D:1)
  3 endoplasms (D:1)
  2 giant cockroaches
  3 goblins
  A hobgoblin (D:1)
  3 jackals (D:1)
  3 quokkas
  4 ball pythons
  2 bats (D:1)
  A frilled lizard (D:1)
  2 kobolds (D:1)
  2 rats (D:1)
27 creatures vanquished.

Vanquished Creatures (others)
  52 foxfires
52 creatures vanquished.

Grand Total: 79 creatures vanquished

Notes
Turn   | Place    | Note
-------+----------+-------------------------------------------
     0 | D:1      | xian the Draconian Fire Elementalist began the quest for
                  | the Orb.
     0 | D:1      | Reached XP level 1. HP: 14/14 MP: 3/3
   452 | D:1      | Reached XP level 2. HP: 20/20 MP: 5/5
  1530 | D:2      | Reached XP level 3. HP: 26/26 MP: 3/6
  1550 | D:2      | Noticed Natasha
  1567 | D:2      | Killed from afar by a white imp

Illustrated notes

Levels and vault maps discovered:
D:1:      wheals_arrival_linesprint, layout_basic
D:2:      layout_basic, uniq_natasha

Skill      XL: |  1  2 |
---------------+-------+-----
Stealth        | 2 |  2.0
Short Blades   | |  0.1
Dodging        | |  1.8
Shields        | |  0.3
Unarmed Combat | |  0.3
Spellcasting   | |  2.3
Conjurations   | |  1.3
Fire Magic     | |  3.5

Action                   || total
-------------------------++-------
Melee: Unarmed           ||     9
       Dagger            ||    38
       Tailslap          ||     7
 Cast: Foxfire           ||    32
 Stab: Sleeping          ||     1
Armor: Skin              ||    14
Dodge: Dodged            ||    29
Block: Kite shield       ||    13
